 Dungeon Crawl Stone Soup version 0.31-a0-1555-g5715333c33 (webtiles) character file.

Game seed: 12590784047591134206

91 Essalna the Digger (level 4, -1/26 HPs)
             Began as a Gargoyle Earth Elementalist on Jan 3, 2024.
             Incinerated by a bombardier beetle (9 damage)
             ... with a burning spray
             ... on level 3 of the Dungeon.
             The game lasted 00:04:48 (2355 turns).

Essalna the Digger (Gargoyle Earth Elementalist)    Turns: 2355, Time: 00:04:48

Health: -1/26      AC:  6    Str: 12    XL:     4   Next: 59%
Magic:  2/7        EV: 11    Int: 17    God:
Gold:   127        SH:  0    Dex: 10    Spells: 4/8 levels left

rFire   . . .        o - +0 dagger (drain)
rCold   + . .        (no shield)
rNeg    + . .        p - +0 leather armour {rC+}
rPois   ∞            (no helmet)
rElec   +            (no cloak)
rCorr   .            (no gloves)
SInv    .            (no boots)
Will    .....        (no amulet)
Stlth   +            (no ring)
HPRegen 0.24/turn    (no ring)
MPRegen 0.10/turn

%: no passive effects
@: on fire, very slightly contaminated, glowing
A: sickness immunity, AC +3, negative energy resistance 1, electricity
resistance, torment resistance 1, petrification resistance
a: no special abilities


You were on level 3 of the Dungeon.
You visited 1 branch of the dungeon, and saw 3 of its levels.

You collected 127 gold pieces.

Inventory:

Hand Weapons
 g - a +0 dagger
 o - a +0 dagger of draining (weapon)
Armour
 a - a +0 robe
 p - a +0 leather armour of cold resistance (worn)
Wands
 k - a wand of quicksilver (11)
Scrolls
 c - 2 scrolls of identify {unknown}
 e - 2 scrolls of noise {unknown}
 f - 4 scrolls of teleportation {unknown}
 j - a scroll of fear {unknown}
 l - a scroll of torment {unknown}
 m - a scroll of revelation {unknown}
Potions
 b - a potion of magic
 d - a potion of lignification {unknown}
 h - 2 potions of mutation {unknown}
 i - a potion of cancellation {unknown}
 n - a potion of curing {unknown}


   Skills:
 + Level 2.0 Fighting
 + Level 0.1 Armour
 - Level 1.5 Dodging
 - Level 2.1 Stealth
 + Level 2.6 Spellcasting
 + Level 2.4 Conjurations
 + Level 4.5 Earth Magic


You had 4 spell levels left.
You knew the following spells:

 Your Spells              Type           Power      Damage    Failure   Level
a - Sandblast             Erth           34%        2d9       3%          1
b - Stone Arrow           Conj/Erth      28%        3d8       17%         3

Your spell library contained the following spells:

 Spells                   Type           Power      Damage    Failure   Level
 Passwall                 Erth           17%        N/A       11%         3
 Ensorcelled Hibernation  Hex/Ice        4%         N/A       34%         2
 Brom's Barrelling Bould  Conj/Erth      14%        2d4       50%         4
 Fugue of the Fallen      Necr           2%         N/A       56%         3
 Petrify                  Alch/Erth      9%         N/A       67%         4
 Anguish                  Hex/Necr       1%         N/A       93%         4


Dungeon Overview and Level Annotations

Branches:
Dungeon (3/15)

Altars:


Innate Abilities, Weirdness & Mutations

You are immune to sickness and miasma.
Your stone body is resilient. (AC +3)
You are immune to poison.
You resist negative energy. (rN+)
You are resistant to electric shocks. (rElec)
You are resistant to unholy torment.
You are immune to petrification.


Message History

Found a robe.
You see here 7 gold pieces.
The blast of sand hits the bombardier beetle.
The bombardier beetle is lightly wounded.
The bombardier beetle sprays incendiary fluid at you.
The burning spray hits you.
You are covered in liquid fire!
The blast of sand hits the bombardier beetle but does no damage.
The bombardier beetle is lightly wounded.
The liquid fire burns you!
You miscast Sandblast.
You are very lightly contaminated with residual magic.
Nothing appears to happen.
The liquid fire burns you!
You are too injured to fight recklessly!
You are too injured to fight recklessly!
You are too injured to fight recklessly!
Casting: Sandblast (safe; 3% risk of failure)
Confirm with . or Enter, or press ? or * to list all spells.
Okay, then.
Unknown command.
Casting: Stone Arrow (quite dangerous; 17% risk of failure)
Confirm with . or Enter, or press ? or * to list all spells.
Aiming: Sandblast (safe; 3% risk of failure)
Press: ? - help, Shift-Dir - straight line, f/p - bombardier beetle
Aim: a bombardier beetle (lightly wounded, 89% to hit)
The blast of sand hits the bombardier beetle.
The bombardier beetle is heavily wounded.
The liquid fire burns you!
The bombardier beetle sprays incendiary fluid at you.
The burning spray misses you.
Casting: Sandblast (safe; 3% risk of failure)
Confirm with . or Enter, or press ? or * to list all spells.
Aiming: Sandblast (safe; 3% risk of failure)
Press: ? - help, Shift-Dir - straight line, f/p - bombardier beetle
Aim: a bombardier beetle (heavily wounded, 89% to hit)
The blast of sand hits the bombardier beetle!
You kill the bombardier beetle!
The liquid fire burns you!
You die...

#...#........
.#.#........#
$...........#
............##
#...........##
###.<...?.†#
.....).>......##
...###.........## .
#...........†.@.#####.#
...##......#..$..?.#.#
#....##....##........#
...#.##.#####.###...###
#......### #...#.....#
###.......# ###...#.#..
..........# ###..)[....
###.......# #......(.^.
.##.......# #.#........


There were no monsters in sight!

Vanquished Creatures
  A bombardier beetle (D:3)
  3 adders
  3 orcs (D:2)
  3 endoplasms
  2 giant cockroaches
  11 goblins
  3 hobgoblins
  6 jackals (D:2)
  2 quokkas (D:1)
  4 ball pythons
  7 bats
  2 frilled lizards (D:2)
  5 kobolds
  4 rats
56 creatures vanquished.

Notes
Turn   | Place    | Note
-------+----------+-------------------------------------------
     0 | D:1      | Essalna the Gargoyle Earth Elementalist began the quest for
                  | the Orb.
     0 | D:1      | Reached XP level 1. HP: 10/10 MP: 3/3
   355 | D:1      | Reached XP level 2. HP: 16/16 MP: 3/5
   603 | D:1      | Reached skill level 1 in Fighting
   690 | D:1      | Found a faded altar of an unknown god.
   865 | D:2      | Reached skill level 4 in Earth Magic
   947 | D:2      | Reached XP level 3. HP: 20/20 MP: 4/6
  1325 | D:2      | Learned a level 3 spell: Stone Arrow
  1452 | D:2      | Reached XP level 4. HP: 26/26 MP: 3/7
  2355 | D:3      | Incinerated by a bombardier beetle

Illustrated notes

Levels and vault maps discovered:
D:1:      dpeg_arrival_solitude, layout_basic,
          chequers_ecumenical_altar_simple_redux
D:2:      layout_loops_corners, minmay_ruptured
D:3:      layout_rooms, serial_shops, shop

Skill      XL: |  1  2  3  4 |
---------------+-------------+-----
Fighting       | 1 2 |  2.0
Earth Magic    | 4 |  4.5
Conjurations   | 2 |  2.4
Armour         | |  0.1
Dodging        | |  1.5
Stealth        | |  2.1
Spellcasting   | |  2.6

Action                     |  1- 3 |  4- 6 || total
---------------------------+-------+-------++-------
  Melee: Dagger            |       |     2 ||     2
   Cast: Sandblast         |    53 |    30 ||    83
 Armour: Robe              |     5 |     5 ||    10
         Leather armour    |       |    16 ||    16
  Dodge: Dodged            |    17 |    19 ||    36

Table legend: (Time is in decaauts)
 A = Elapsed time spent in this place.
 B = Non-inter-level travel time spent in this place.
 C = Inter-level travel time spent in this place.
 D = Time resting spent in this place.
 E = Time spent auto-exploring this place.
 F = Levels seen in this place.
 G = Mean time per level.
                   A        B        C        D        E       F      G
               +--------+--------+--------+--------+--------+-----+--------+
         Total |   2397 |   2295 |    102 |     50 |   1933 |   3 |  799.0 |
       Dungeon |   2397 |   2295 |    102 |     50 |   1933 |   3 |  799.0 |
               +--------+--------+--------+--------+--------+-----+--------+

Top non-repeatable levels by time:
     D:2: 1428 daAuts
     D:1: 814 daAuts
     D:3: 154 daAuts
